 Dungeon Crawl Stone Soup version 0.30-a0-862-g1aabd4f9c5 (webtiles) character file.

Game seed: 12388012485061397268

523917 frocskos the Conqueror (level 24, -7/249 HPs)
             Began as a Minotaur Berserker on Mar 9, 2023.
             Was a High Priest of Trog.
             Mangled by an Orb Guardian (24 damage)
             ... on level 5 of the Realm of Zot.
             The game lasted 02:08:34 (48153 turns).

frocskos the Conqueror (Minotaur Berserker)        Turns: 48153, Time: 02:08:34

Health: -7/249     AC: 54    Str: 37    XL:     24   Next: 20%
Magic:  22/22      EV: 15    Int:  5    God:    Trog [*****.]
Gold:   5532       SH: 29    Dex: 11    Spells: 23/23 levels left

rFire   + . .      SeeInvis +    A - +9 demon whip (vamp)
rCold   + . .      Faith    .    R - +5 tower shield {AC+3}
rNeg    . . .      Spirit   .    n - +12 gold dragon scales of the Enchanted Forest {+Inv rPois rF+ rC+ Regen+ Slay+2}
rPois   +          Reflect  .    I - +1 hat "Minargh" {Str+6}
rElec   +          Rampage  +    D - +1 cloak of Hysteria {rElec}
rCorr   +                        x - +0 pair of gloves
Will    ++++.                    G - +2 pair of boots {rampage} Stlth
                                 u - amulet of regeneration
HPRegen 0.00/turn                O - ring "Geaqeolu" {rPois Will++ Str+3 Int-2 Slay+2}
MPRegen 0.18/turn                l - ring of Jekuzeis {rCorr Int+3 Dex-3 SInv Stlth+}

@: about to teleport, on berserk cooldown, inhibited regen, slowed, studying
Maces & Flails, very slow
A: horns 2, retaliatory headbutt, talons 1, iridescent scales 1, dopey 1,
strong-willed 1, inhibited regeneration, no potion heal 1
}: 3/15 runes: decaying, serpentine, silver
a: Renounce Religion, Evoke Invisibility, Berserk, Trog's Hand, Brothers in Arms


You were on level 5 of the Realm of Zot.
You worshipped Trog.
Trog was extremely pleased with you.
You visited 9 branches of the dungeon, and saw 45 of its levels.
You visited the Abyss 2 times.
You also visited: Bailey, Gauntlet and Volcano.

You collected 8072 gold pieces.
You spent 2540 gold pieces at shops.

Inventory:

Hand Weapons
 A - a +9 vampiric demon whip (weapon)
 B - the +0 spear "Potovorhu" {elec, Fragile rPois rCorr SInv}
   (You found it in a bailey)

   rPois:     It protects you from poison.
   SInv:      It lets you see invisible.
   rCorr:     It protects you from acid and corrosion.
   Fragile:   It will be destroyed if unequipped.
 L - the +6 halberd of Polytheism {antimagic, rC+ Str+3}
   (Trog gifted it to you on level 2 of the Orcish Mines)

   Str:       It affects your strength (+3).
   rC:        It protects you from cold.
Missiles
 M - 3 silver javelins (quivered)
 S - a throwing net
Armour
 n - the +12 gold dragon scales of the Enchanted Forest (worn) {+Inv rPois rF+ rC+ Regen+ Slay+2}
   (You found it in a bailey)

   Slay:      It affects your accuracy & damage with ranged weapons and melee
   (+2).
   rF:        It protects you from fire.
   rC:        It protects you from cold.
   rPois:     It protects you from poison.
   +Inv:      It lets you turn invisible.
   Regen:     It increases your rate of health regeneration.
 w - a +2 hat of willpower
 x - a +0 pair of gloves (worn)
 D - the +1 cloak of Hysteria (worn) {rElec}
   (You bought it in a shop on level 8 of the Dungeon)

   rElec:     It insulates you from electricity.
 F - a +2 hat of see invisible
 G - a +2 pair of boots of rampaging (worn)
 I - the +1 hat "Minargh" (worn) {Str+6}
   (You found it on level 2 of the Orcish Mines)

   Str:       It affects your strength (+6).
 R - a +5 tower shield of protection (worn)
Jewellery
 l - the ring of Jekuzeis (right hand) {rCorr Int+3 Dex-3 SInv Stlth+}
   (You found it on level 5 of the Vaults)

   [ring of see invisible]

   Int:       It affects your intelligence (+3).
   Dex:       It affects your dexterity (-3).
   SInv:      It lets you see invisible.
   rCorr:     It protects you from acid and corrosion.
   Stlth:     It makes you more stealthy.
 u - an amulet of regeneration (around neck)
 z - the ring "Hionep" {Fly MP+9 Str+2 Int+3}
   (You found it on level 4 of the Depths)

   [ring of flight]

   Str:       It affects your strength (+2).
   Int:       It affects your intelligence (+3).
   MP:        It affects your magic capacity (+9).
   Fly:       It grants you flight.
 K - the amulet "Wucij" {Spirit rF+ Slay+3}
   (You acquired it on level 12 of the Dungeon)

   [amulet of guardian spirit]

   It causes incoming damage to be divided between your reserves of health and
   magic.
   Slay:      It affects your accuracy & damage with ranged weapons and melee
   (+3).
   rF:        It protects you from fire.
 O - the ring "Geaqeolu" (left hand) {rPois Will++ Str+3 Int-2 Slay+2}
   (You bought it in a shop on level 2 of the Orcish Mines)

   [ring of poison resistance]

   Str:       It affects your strength (+3).
   Int:       It affects your intelligence (-2).
   Slay:      It affects your accuracy & damage with ranged weapons and melee
   (+2).
   rPois:     It protects you from poison.
   Will:      It greatly increases your willpower.
Wands
 c - a wand of roots (32)
 i - a wand of light (24)
 j - a wand of paralysis (60)
 p - a wand of polymorph (41)
 C - a wand of flame (72)
 N - a wand of mindburst (15)
 W - a wand of digging (12)
Scrolls
 b - 22 scrolls of teleportation
 h - 7 scrolls of blinking
 v - 4 scrolls of fear
 y - 3 scrolls of summoning
 E - 4 scrolls of silence
 Q - 11 scrolls of fog
 T - 10 scrolls of poison
 U - 30 scrolls of identify
 X - 2 scrolls of brand weapon
Potions
 a - 14 potions of flight
 d - 2 potions of cancellation
 e - 4 potions of lignification
 f - 11 potions of curing
 g - 7 potions of berserk rage
 k - 4 potions of invisibility
 o - 6 potions of ambrosia
 q - 10 potions of might
 r - 8 potions of haste
 s - 5 potions of heal wounds
 t - 6 potions of mutation
 H - 4 potions of resistance


   Skills:
 O Level 27 Fighting
 - Level 4.8(12.2) Axes
 - Level 17.1(17.4) Maces & Flails
 - Level 4.0 Ranged Weapons
 O Level 27 Armour
 + Level 20.1 Dodging
 - Level 0.6 Stealth
 O Level 27 Shields


You had 23 spell levels left.
You didn't know any spells.
Your spell library was empty.

Dungeon Overview and Level Annotations

Branches:
Dungeon (15/15)            Temple (0/1) D:5            Lair (5/5) D:10
  Swamp (4/4) Lair:3        Snake (4/4) Lair:2          Orc (2/2) D:10
    Elf (0/3) Orc:2        Vaults (5/5) D:14          Crypt (1/3) Vaults:3
 Depths (4/4) D:15            Zot (5/5) Depths:4     Bailey (visited)
Volcano (visited)         Gauntlet (visited)
  Slime: Lair:4-5

Altars:
Ashenzari
Dithmenos
Fedhas
Gozag
Hepliaklqana
Makhleb
Nemelex Xobeh
Qazlal
Uskayaw
Vehumet
Wu Jian
Xom
The Shining One
Jiyva

Shops:
D:8 [   Orc:2 =[[*(   Snake:3 [[(   Snake:4 ::=**   Vaults:2 *

Portals:
Hell: Depths:1 Depths:2 Depths:3 Depths:4
Abyss: Depths:1 Depths:3
Pandemonium: Depths:1 Depths:2 Depths:3
Ziggurat: Depths:3

Annotations:
D:9 exclusion: obsidian statue
Lair:1 2 transporters, exclusion: ice statue, Pep Qis's ghost, journeyman TrMo
Lair:4 exclusion: oklob plant
Swamp:1 2 transporters
Snake:1 2 transporters, Kiciri's ghost, adept SpEn


Innate Abilities, Weirdness & Mutations

You have a pair of horns on your head.
You reflexively headbutt those who attack you in melee.
You have sharp toenails.
You are partially covered in iridescent scales. (AC +2)
You are dopey. (Int -2)
You are strong-willed. (Will+)
You do not regenerate when monsters are visible.
Potions are less effective at restoring your health.


Message History

The fireball explodes!
The fireball engulfs you! You resist.
* * * LOW HITPOINT WARNING * * *
The fireball engulfs the orb of fire.
The orb of fire completely resists.
You hit the orb of fire but do no damage.
You whack the orb of fire! Your headbutt misses the orb of fire.
The orb of fire is lightly damaged.
The Orb Guardian hits you!!
* * * LOW HITPOINT WARNING * * *
As you read the scroll of teleportation, it crumbles to dust.
You feel strangely unstable.
You feel the Orb delaying your translocation!
The Orb Guardian misses you.
The Orb Guardian hits you but does no damage.
You block the Orb Guardian's attack.
The orb of fire glows deep purple.
The bolt of fire hits you!! You resist.
* * * LOW HITPOINT WARNING * * *
Blink to where?
Press: ? - help, Dir - move target
Found a pair of gloves.
As you read the scroll of blinking, it crumbles to dust.
The orb of fire glows red.
The bolt of fire hits you! You resist.
* * * LOW HITPOINT WARNING * * *
Your system partially rejects the healing.
You feel much better. The Orb Guardian hits you!
* * * LOW HITPOINT WARNING * * *
Your system partially rejects the healing.
You feel much better. You block the Orb Guardian's attack.
Your system partially rejects the healing.
You feel much better. The Orb Guardian hits you!
* * * LOW HITPOINT WARNING * * *
You block the Orb Guardian's attack.
Your system partially rejects the healing.
You feel much better. You block the Orb Guardian's attack.
The Orb Guardian hits you but does no damage.
The Orb Guardian hits you.
* * * LOW HITPOINT WARNING * * *
The Orb Guardian hits you!!
You die...

#.......^........,,,,*##.........
#....................# ##.....^..
#...^.^.......$......# #....^...
#......^.........[...# ##.......
#....................# #.......
#..^.................# ##.......
*#..................#* #..^.....
*#.....ยง).....XX..#* *#........
##...........*@.#* #.........
################ ########.#
#.<....... #......... ####^.....
####... #... #... #...


You could see an orb of fire and 2 Orb Guardians.

Vanquished Creatures
  An ancient lich (Depths:3)
  2 orbs of fire
  A dread lich (Zot:5)
  Bai Suzhen (Vaults:4)
  4 caustic shrikes (Depths:4)
  10 golden dragons
  A bone dragon (Depths:4)
  Jorgrun (D:12)
  7 Orb Guardians (Zot:5)
  12 tentacled monstrosities
  3 liches
  3 deep elf master archers (Depths:3)
  4 quicksilver dragons
  5 titans
  8 death cobs
  Gastronok (Lair:3)
  Frances (D:12)
  6 sphinxes
  A tentacled starspawn (Abyss:2)
  A thorn hunter (Swamp:3)
  6 tengu reavers
  Kirke (Swamp:1)
  9 shadow dragons
  7 nagarajas
  7 storm dragons
  4 draconian monks
  9 fire giants
  6 draconian knights
  2 fenstrider witches
  An iron dragon (Vaults:5)
  7 frost giants
  An azure jelly (shapeshifter) (Vaults:5)
  3 deep elf sorcerers
  14 vault wardens
  4 draconian scorchers
  4 ghost moths (Zot:3)
  3 draconian annihilators
  3 draconian shifters
  9 stone giants
  2 draconian stormcallers
  5 orc warlords
  33 very ugly things
  6 war gargoyles
  4 ironbound thunderhulks
  2 vampire knights
  24 ironbound preservers
  2 deep elf demonologists
  8 green draconians
  4 eleionomae
  7 purple draconians
  4 black draconians
  7 red draconians
  4 bunyips
  A minotaur (Gauntlet)
  8 white draconians
  12 dire elephants
  9 yellow draconians
  6 spark wasps (Depths:2)
  A shambling mangrove (Swamp:4)
  16 ettins
  2 crystal guardians (Vaults:3)
  A deep elf high priest (Vaults:4)
  9 fire dragons
  A jiangshi (Vaults:3)
  16 yaktaur captains
  The ghost of What the Thaumaturge, a journeyman VSTm of Uskayaw (Orc:1)
  9 great orbs of eyes
  Josephine (D:14)
  25 vault guards
  4 rakshasas
  A salamander tyrant (Snake:3)
  21 hydras
  4 peacekeepers
  13 centaur warriors
  7 ice dragons
  A hell beast (Depths:3)
  An ogre mage (Vaults:5)
  2 ghost crabs
  4 spriggan air magi
  Erica (D:9)
  3 ironbound frosthearts
  12 anacondas
  A dancing weapon (Volcano)
  7 boulder beetles
  A catoblepas (Lair:3)
  6 death yaks (Lair:5)
  10 alligators
  4 deep troll shamans
  5 deep troll earth magi
  21 naga warriors
  5 two-headed ogres
  6 tengu warriors
  3 hell hogs
  An orc high priest (Orc:2)
  2 thrashing horrors (Abyss:2)
  8 shock serpents
  Nergalle (Orc:2)
  A spectral dire elephant (Lair:5)
  10 naga sharpshooters
  2 spriggan berserkers
  A soul eater (Depths:3)
  2 skysharks
  8 hell knights
  2 wretched stars (Abyss:2)
  A sun demon (Depths:3)
  A spectral death yak (Lair:5)
  4 iron trolls
  4 goliath frogs
  An anaconda zombie (Abyss:2)
  A spatial maelstrom (Abyss:2)
  Amaemon (D:7)
  78 deep trolls
  2 fire crabs (Swamp:4)
  3 skeletal warriors (D:15)
  4 spectral anacondas
  A spriggan druid (Swamp:2)
  11 sea snakes
  9 bog bodies
  8 glowing orange brains
  10 swamp dragons
  An obsidian statue (Lair:5)
  15 orc knights
  4 deep elf archers (Depths:3)
  15 ironbound convokers
  5 deep elf pyromancers
  8 necromancers
  4 naga ritualists
  A flayed ghost (Depths:1)
  16 wizards
  A steelbarb worm (shapeshifter) (Vaults:4)
  2 starcursed masses (Abyss:2)
  10 lindwurms
  6 phantasmal warriors
  5 orc sorcerers
  3 mana vipers
  40 ugly things
  A deep elf zephyrmancer (Orc:2)
  11 salamanders
  5 manticores
  4 will-o-the-wisps
  3 worldbinders (Abyss:2)
  3 cyclopes
  23 elephants
  24 moths of wrath
  13 naga magi
  A centaur zombie (D:15)
  32 black mambas
  A guardian serpent (shapeshifter) (Vaults:5)
  21 vault sentinels
  A smoke demon (Abyss:2)
  A dire elephant zombie (Lair:5)
  7 guardian serpents
  A rust devil (Abyss:2)
  5 toenail golems (Volcano)
  Joseph (D:8)
  9 cane toads
  An orange demon (D:8)
  4 gargoyles
  2 molten gargoyles
  An unseen horror (D:13)
  2 rime drakes
  2 spectral sea snakes (Snake:4)
  A dire elephant skeleton (Lair:5)
  A torpor snail (Lair:4)
  5 kobold demonologists
  7 komodo dragons
  4 freezing wraiths
  37 yaktaurs
  5 tengu conjurers
  A sea snake skeleton (Snake:4)
  4 anaconda simulacra (Snake:4)
  An ancient zyme (Abyss:2)
  12 trolls
  2 polar bears
  A queen bee (Gauntlet)
  7 tyrant leeches
  7 blink frogs (Lair:5)
  15 hornets
  Prince Ribbit (D:8)
  A spectral guardian serpent (Snake:4)
  2 spectral elephants (Lair:5)
  16 dream sheep (Lair:5)
  9 slime creatures
  A shadow (D:13)
  A vampire (Bailey)
  3 centaur simulacra
  6 large abominations (Abyss:2)
  11 spriggans
  2 wyverns
  27 yaks
  A yak (shapeshifter) (Depths:4)
  5 basilisks
  2 fire elementals
  7 fire bats
  9 wraiths
  A chaos spawn (Abyss:2)
  Grum (D:8)
  7 steam dragons
  A sea snake simulacrum (Snake:4)
  A golden eye (Abyss:2)
  2 spatial vortices (Abyss:2)
  18 vampire mosquitoes
  4 wargs
  46 nagas
  10 swamp worms
  2 spectral cane toads (Lair:5)
  A hell hound (Gauntlet)
  An acid dragon (D:12)
  16 water moccasins
  6 swamp drakes
  2 black bears
  2 sky beasts
  29 orc warriors
  3 ice beasts
  17 wolves
  5 ogres
  4 boggarts (D:15)
  A wolf (shapeshifter) (Vaults:5)
  15 centaurs
  A phantom (D:5)
  4 kobold brigands
  7 bullfrogs
  5 scorpions
  2 naga simulacra (Snake:4)
  3 cane toad simulacra (Lair:5)
  6 small abominations (Abyss:2)
  13 killer bees
  6 howler monkeys
  7 vampire bats (Bailey)
  5 wolf zombies (Bailey)
  6 electric eels
  3 lava snakes
  A crimson imp (Orc:2)
  A gnoll bouda (D:8)
  14 orc priests
  4 hounds
  A jelly (D:8)
  An iron imp (Orc:2)
  7 hell rats (Lair:5)
  5 iguanas
  4 sleepcaps
  33 orc wizards
  A yak simulacrum (D:15)
  2 polar bear simulacra (D:15)
  4 wolf simulacra (D:15)
  3 naga skeletons (Snake:4)
  4 gnolls (D:8)
  6 adders
  5 shadow imps
  8 white imps
  An ufetubus (D:5)
  4 dart slugs
  72 orcs
  7 endoplasms
  2 giant cockroaches
  10 goblins
  8 hobgoblins
  4 jackals
  14 kobolds
  2 quokkas (D:5)
  4 ball pythons
  10 bats
  A frilled lizard (D:2)
  17 orc zombies (Bailey)
  4 rats
  4 river rat simulacra (D:15)
  2 briar patches (Swamp:3)
  A starspawn tentacle (Abyss:2)
1786 creatures vanquished.

Vanquished Creatures (collateral kills)
  A black draconian (Depths:4)
  A naga sharpshooter (Snake:4)
  A guardian serpent (Snake:4)
  A naga (Snake:4)
4 creatures vanquished.

Vanquished Creatures (others)
  A hydra (Swamp:4)
  A lindwurm (Swamp:4)
  An unseen horror (shapeshifter) (Vaults:5)
  A bloated husk (Swamp:1)
  2 steam dragons (Swamp:4)
  5 humans (Swamp:1)
  2 swamp drakes (Swamp:4)
  24 foxfires
  14 fungi
  25 plants
  A starspawn tentacle (Abyss:2)
  21 withered plants (Lair:5)
98 creatures vanquished.

Grand Total: 1888 creatures vanquished

Notes
Turn   | Place    | Note
-------+----------+-------------------------------------------
     0 | D:1      | frocskos the Minotaur Berserker began the quest for the
                  | Orb.
     0 | D:1      | Reached XP level 1. HP: 19/19 MP: 0/0
   326 | D:1      | Reached XP level 2. HP: 27/27 MP: 1/1
   994 | D:2      | Reached ** piety under Trog
  1011 | D:2      | Reached XP level 3. HP: 33/33 MP: 2/2
  1672 | D:2      | Reached XP level 4. HP: 40/40 MP: 3/3
  1943 | D:3      | Found a blossoming altar of Fedhas.
  2544 | D:4      | Found a stormy altar of Qazlal.
  2598 | D:4      | Reached skill level 1 in Maces & Flails
  2689 | D:4      | Reached XP level 5. HP: 42/47 MP: 4/4
  2713 | D:4      | Found a broken altar of Ashenzari.
  2952 | D:4      | Reached *** piety under Trog
  3148 | D:4      | Reached skill level 5 in Fighting
  3148 | D:4      | Reached XP level 6. HP: 56/56 MP: 5/5
  3356 | D:4      | Identified the +2 robe of Qecomoo {rN+ Dex+3}
  3513 | D:5      | Entered Level 5 of the Dungeon
  3562 | D:5      | Reached skill level 5 in Maces & Flails
  3562 | D:5      | Reached XP level 7. HP: 53/62 MP: 6/6
  3620 | D:5      | Reached skill level 5 in Armour
  3806 | D:5      | Found a glowing golden altar of the Shining One.
  3935 | D:5      | Found a staircase to the Ecumenical Temple.
  4275 | D:5      | Found an opulent altar of Gozag.
  4456 | D:6      | Reached XP level 8. HP: 66/71 MP: 7/7
  4562 | D:6      | Reached skill level 1 in Ranged Weapons
  5440 | D:7      | Found a burning altar of Makhleb.
  5526 | D:7      | Identified the +6 leather armour of Zira {Str+4}
  5690 | D:7      | Reached XP level 9. HP: 75/81 MP: 8/8
  5727 | D:7      | Found a radiant altar of Vehumet.
  6373 | D:8      | Noticed Amaemon
  6373 | D:8      | Noticed an orange demon
  6388 | D:7      | Killed Amaemon
  6584 | D:8      | Noticed Joseph
  6627 | D:8      | Killed an orange demon
  6857 | D:8      | Reached **** piety under Trog
  6871 | D:8      | Found Xihuant's Armour Shoppe.
  7313 | D:8      | Killed Joseph
  7380 | D:8      | Noticed Grum
  7387 | D:8      | Killed Grum
  7388 | D:8      | Reached XP level 10. HP: 58/90 MP: 9/9
  7676 | D:8      | Found a shadowy altar of Dithmenos.
  7677 | D:8      | Noticed Prince Ribbit
  7689 | D:8      | Killed Prince Ribbit
  7690 | D:8      | Reached skill level 5 in Dodging
  7833 | D:8      | Found a sparkling altar of Nemelex Xobeh.
  8053 | D:8      | Bought the +1 cloak of Hysteria {rElec} for 352 gold pieces
  8429 | D:9      | Noticed Erica
  8435 | D:9      | Killed Erica
  8436 | D:9      | Reached skill level 10 in Fighting
  8451 | D:9      | Paralysed by a hornet for 3 turns
  8635 | D:9      | Noticed an obsidian statue
  8873 | D:9      | Found a hazy altar of Hepliaklqana.
  9419 | D:10     | Entered Level 10 of the Dungeon
  9446 | D:10     | Noticed a two-headed ogre
  9452 | D:10     | Killed a two-headed ogre
  9468 | D:10     | Reached XP level 11. HP: 72/101 MP: 10/10
  9658 | D:10     | Noticed a two-headed ogre
  9667 | D:10     | Killed a two-headed ogre
  9769 | D:10     | Found a flagged portal.
  9783 | Bailey   | Entered a bailey
  9961 | Bailey   | Reached skill level 10 in Armour
  9978 | Bailey   | Identified the +12 gold dragon scales of the Enchanted
                  | Forest {+Inv rPois rF+ rC+ Regen+ Slay+2}
 10053 | Bailey   | Identified the +0 spear "Potovorhu" {elec, Fragile rPois
                  | rCorr SInv}
 10118 | Bailey   | Reached ***** piety under Trog
 10283 | D:10     | Found a staircase to the Orcish Mines.
 10373 | D:10     | Found a staircase to the Lair.
 10388 | D:10     | Found an ornate altar of the Wu Jian Council.
 10632 | Lair:1   | Entered Level 1 of the Lair of Beasts
 10712 | Lair:1   | Noticed Pep Qis's ghost (journeyman TrMo)
 10719 | Lair:1   | Found a transporter.
 10902 | Lair:1   | Found a transporter.
 11425 | Lair:2   | Found a staircase to the Snake Pit.
 11457 | Lair:2   | Found a hazy altar of Hepliaklqana.
 11554 | Lair:2   | Noticed a skyshark
 11561 | Lair:2   | Killed a skyshark
 12176 | Lair:3   | Noticed a six-headed hydra
 12186 | Lair:3   | Killed a six-headed hydra
 12256 | Lair:3   | Found a staircase to the Swamp.
 12420 | Lair:3   | Reached XP level 12. HP: 115/115 MP: 11/11
 12491 | Lair:3   | Noticed a catoblepas
 12500 | Lair:3   | Killed a catoblepas
 12577 | Lair:3   | Noticed Gastronok
 12592 | Lair:3   | Killed Gastronok
 12972 | Lair:4   | Noticed a five-headed hydra
 12979 | Lair:4   | Killed a five-headed hydra
 13063 | Lair:4   | Found a dark tunnel.
 13077 | Volcano  | Entered a volcano
 13094 | Volcano  | Reached skill level 15 in Fighting
 13122 | Abyss:2  | Cast into level 2 of the Abyss (a wizard)
 13212 | Abyss:2  | Noticed a great orb of eyes
 13228 | Abyss:2  | Killed a great orb of eyes
 13347 | Abyss:2  | Received a gift from Trog
 13399 | Abyss:2  | Noticed a tentacled starspawn
 13408 | Abyss:2  | Killed a tentacled starspawn
 13422 | Abyss:2  | Reached skill level 15 in Armour
 13431 | Abyss:2  | Noticed a rakshasa
 13441 | Abyss:2  | Killed a rakshasa
 13442 | Abyss:2  | Reached XP level 13. HP: 124/128 MP: 12/12
 13531 | Abyss:2  | Noticed a starcursed mass
 13613 | Volcano  | Escaped the Abyss
 13754 | Abyss:2  | Cast into level 2 of the Abyss (a wizard)
 13814 | Abyss:2  | Lost intelligence.
 13971 | Abyss:2  | Found a corrupted altar of Lugonu.
 14023 | Volcano  | Escaped the Abyss
 14905 | Lair:4   | Found a viscous altar of Jiyva.
 15000 | Lair:5   | Entered Level 5 of the Lair of Beasts
 15039 | Lair:5   | Found a gate leading to a gauntlet.
 15059 | Lair:5   | Received a gift from Trog
 15073 | Gauntlet | Entered a Gauntlet
 15073 | Gauntlet | Found a transporter.
 15073 | Gauntlet | Found a transporter.
 15083 | Gauntlet | Found a transporter.
 15086 | Gauntlet | Found a transporter.
 15092 | Gauntlet | Found a runed translucent gate.
 15092 | Gauntlet | Found a runed translucent gate.
 15092 | Gauntlet | Found a runed translucent gate.
 15094 | Gauntlet | Found a transporter.
 15097 | Gauntlet | Found a transporter.
 15107 | Gauntlet | Found a transporter.
 15124 | Gauntlet | Found a transporter.
 15141 | Gauntlet | Found a transporter.
 15144 | Gauntlet | Found a transporter.
 15154 | Gauntlet | Found a transporter.
 15157 | Gauntlet | Found a transporter.
 15358 | Gauntlet | Identified the ring of the Solstice {Ice rPois Int-3 Slay+6
                  | Stlth+}
 15378 | Gauntlet | Reached XP level 14. HP: 138/143 MP: 13/13
 15482 | Gauntlet | Identified the +6 plate armour of Life {Dex+6}
 15605 | Lair:5   | Reached ****** piety under Trog
 16452 | Lair:5   | Received a gift from Trog
 17100 | Orc:1    | Entered Level 1 of the Orcish Mines
 17255 | Orc:1    | Found a burning altar of Makhleb.
 17294 | Orc:1    | Reached XP level 15. HP: 155/155 MP: 14/14
 17407 | Orc:1    | Found a runed translucent gate.
 17407 | Orc:1    | Noticed What's ghost (journeyman VSTm)
 17408 | Orc:1    | Found a runed translucent gate.
 17409 | Orc:1    | Found a runed translucent gate.
 17661 | Orc:1    | Killed What's ghost
 17778 | Orc:1    | Identified the +0 pair of gloves of Youthful Indiscretion
                  | {*Slow rElec rC- SInv}
 17858 | Orc:2    | Entered Level 2 of the Orcish Mines
 17973 | Orc:2    | Found Odyg Fiogg's Antique Armour Boutique.
 17992 | Orc:2    | Noticed Nergalle
 18025 | Orc:2    | Killed Nergalle
 18040 | Orc:2    | Identified the +6 halberd of Polytheism {antimagic, rC+
                  | Str+3} (Trog gifted it to you on level 2 of the Orcish
                  | Mines)
 18040 | Orc:2    | Received a gift from Trog
 18268 | Orc:2    | Identified the +1 hat "Minargh" {Str+6}
 18519 | Orc:2    | Found a staircase to the Elven Halls.
 18634 | Orc:2    | Found Anim's Antique Armour Emporium.
 18661 | Orc:2    | Found Gashrint's Jewellery Emporium.
 18677 | Orc:2    | Found Zoolaemp's General Store.
 18715 | Orc:2    | Found Tapeism's Antique Weapon Emporium.
 19110 | Orc:2    | Bought the ring "Geaqeolu" {rPois Will++ Str+3 Int-2
                  | Slay+2} for 669 gold pieces
 19110 | Orc:2    | Bought the ring "Zaelit" {Str+3 SInv} for 367 gold pieces
 19270 | Snake:1  | Entered Level 1 of the Snake Pit
 19480 | Snake:1  | Found a transporter.
 19483 | Snake:1  | Noticed Kiciri's ghost (adept SpEn)
 19490 | Snake:1  | Found a transporter.
 19540 | Snake:1  | Received a gift from Trog
 19919 | Snake:1  | Found a frozen archway.
 20135 | Snake:2  | Noticed a nagaraja
 20143 | Snake:2  | Killed a nagaraja
 20204 | Snake:2  | Reached skill level 1 in Shields
 20781 | Snake:2  | Reached XP level 16. HP: 167/168 MP: 15/15
 21551 | Snake:3  | Found Zeddal's Armour Shoppe.
 21551 | Snake:3  | Found Lucriw's Antique Armour Emporium.
 21664 | Snake:3  | Reached skill level 5 in Shields
 21813 | Snake:3  | Received a gift from Trog
 21925 | Snake:3  | Found Munusiez's Antique Weapon Emporium.
 22298 | Snake:4  | Entered Level 4 of the Snake Pit
 22441 | Snake:4  | Found Ychoolok's General Store.
 22443 | Snake:4  | Found Ilull's Specific Store.
 22636 | Snake:4  | Found a shimmering altar of Xom.
 23173 | Snake:4  | Got a serpentine rune of Zot
 23282 | Snake:4  | Identified the +7 short sword of Dim Light {antimagic, Fly
                  | rPois Str-4}
 23671 | Snake:4  | Reached XP level 17. HP: 179/179 MP: 16/16
 23676 | Snake:4  | Received a gift from Trog
 23883 | Snake:4  | Found Jal Uch's Jewellery Boutique.
 23884 | Snake:4  | Found Caufutz's Book Emporium.
 23884 | Snake:4  | Found Jugesirch's Book Emporium.
 24141 | Swamp:1  | Entered Level 1 of the Swamp
 24215 | Swamp:1  | Noticed Kirke
 24226 | Swamp:1  | Killed Kirke
 24232 | Swamp:1  | Reached skill level 10 in Shields
 24316 | Swamp:1  | Found a transporter.
 24716 | Snake:4  | Bought a manual of Shields for 1040 gold pieces
 24931 | Swamp:1  | Found a transporter.
 25144 | Swamp:2  | Identified a scroll of acquirement
 25154 | Swamp:2  | Acquired a manual of Maces & Flails
 25547 | Swamp:3  | Received a gift from Trog
 26147 | Swamp:4  | Entered Level 4 of the Swamp
 26203 | Swamp:4  | Noticed a tentacled monstrosity
 26212 | Swamp:4  | Killed a tentacled monstrosity
 26477 | Swamp:4  | Reached XP level 18. HP: 163/191 MP: 17/17
 26691 | Swamp:4  | Received a gift from Trog
 26845 | Swamp:4  | Got a decaying rune of Zot
 28078 | D:12     | Noticed Jorgrun
 28085 | D:12     | Killed Jorgrun
 28086 | D:12     | Reached skill level 15 in Shields
 28126 | D:12     | Gained mutation: You sometimes lose your temper in combat.
                  | [a neqoxec]
 28236 | D:12     | Noticed Frances
 28245 | D:12     | Killed Frances
 28546 | D:12     | Acquired the amulet "Wucij" {Spirit rF+ Slay+3}
 28716 | D:13     | Received a gift from Trog
 29166 | D:14     | Lost mutation: You sometimes lose your temper in combat.
                  | [potion of mutation]
 29166 | D:14     | Gained mutation: Potions are less effective at restoring
                  | your health. [potion of mutation]
 29166 | D:14     | Gained mutation: You are partially covered in iridescent
                  | scales. (AC +2) [potion of mutation]
 29166 | D:14     | Gained mutation: You have sharp toenails. [potion of
                  | mutation]
 29227 | D:14     | Noticed Josephine
 29236 | D:14     | Killed Josephine
 29530 | D:14     | Found a gate to the Vaults.
 29744 | D:15     | Entered Level 15 of the Dungeon
 29881 | D:15     | Identified the +6 broad axe "Rodeism" {flame, rPois rCorr
                  | Str-3 SInv} (Trog gifted it to you on level 15 of the
                  | Dungeon)
 29881 | D:15     | Received a gift from Trog
 30427 | D:15     | Found a shimmering altar of Xom.
 30586 | D:15     | Found a staircase to the Depths.
 31093 | Vaults:1 | Entered Level 1 of the Vaults
 31191 | Vaults:1 | Identified the +9 flail "Zorani" {flame, Fly Str+4} (Trog
                  | gifted it to you on level 1 of the Vaults)
 31191 | Vaults:1 | Received a gift from Trog
 31448 | Vaults:1 | Reached XP level 19. HP: 201/202 MP: 18/18
 31764 | Vaults:1 | Received a gift from Trog
 32758 | Vaults:2 | Identified the +8 hand axe of Trog's Generosity {flame,
                  | Dex+3} (Trog gifted it to you on level 2 of the Vaults)
 32758 | Vaults:2 | Received a gift from Trog
 33320 | Vaults:2 | Found Cemiuck's Assorted Antiques.
 33358 | Vaults:2 | Identified the +1 war axe of the Traitor {flame, Str+2
                  | Dex+4}
 33909 | Vaults:3 | Received a gift from Trog
 33956 | Vaults:3 | Found a staircase to the Crypt.
 34056 | Vaults:3 | Reached XP level 20. HP: 214/214 MP: 19/19
 34736 | Crypt:1  | Entered Level 1 of the Crypt
 35245 | Vaults:4 | Received a gift from Trog
 35423 | Vaults:4 | Reached skill level 27 in Fighting
 35925 | Vaults:4 | Identified the +5 plate armour "Pirphent" {Will+}
 36207 | Vaults:5 | Entered Level 5 of the Vaults
 36263 | Vaults:4 | Received a gift from Trog
 36411 | Vaults:4 | Reached skill level 27 in Armour
 36798 | Vaults:4 | Reached XP level 21. HP: 189/217 MP: 20/20
 36940 | Vaults:5 | Noticed a golden dragon
 37024 | Vaults:5 | Received a gift from Trog
 37031 | Vaults:4 | Reached skill level 10 in Dodging
 37084 | Vaults:5 | Noticed Bai Suzhen
 37108 | Vaults:4 | Killed a golden dragon
 37198 | Vaults:4 | Killed Bai Suzhen
 37371 | Vaults:5 | Received a gift from Trog
 37585 | Vaults:5 | Noticed a golden dragon
 37599 | Vaults:5 | Killed a golden dragon
 37641 | Vaults:5 | Noticed a golden dragon
 37657 | Vaults:5 | Killed a golden dragon
 37844 | Vaults:5 | Got a silver rune of Zot
 38040 | Vaults:5 | Identified the +3 sling of Naenn {elec, rElec rPois Will-}
 38063 | Vaults:5 | Identified the +8 dagger of Mueck {heavy, Drain MP+9 Str+4
                  | Dex+4}
 38214 | Vaults:5 | Identified the +2 trident "Ceanecs" {vamp, rN+ SInv}
 38494 | Vaults:5 | Identified the +1 storm dragon scales "Qenydd" {rElec rPois
                  | rC+}
 38499 | Vaults:5 | Identified the +4 trident "Qafog" {drain, +Blink Str+4
                  | Int+2}
 38500 | Vaults:5 | Identified the +1 quarterstaff "Qoemylit" {flame, Will-
                  | Str+3 Int+5}
 38502 | Vaults:5 | Identified the ring of Jekuzeis {rCorr Int+3 Dex-3 SInv
                  | Stlth+}
 39059 | Depths:1 | Entered Level 1 of the Depths
 39078 | Depths:1 | Identified the +1 ring mail "Vitixkepp" {+Blink rF- rN+++
                  | Int+4}
 39122 | Depths:1 | Received a gift from Trog
 39227 | Depths:1 | Found a one-way gate leading to the halls of Pandemonium.
 39237 | Depths:1 | Reached XP level 22. HP: 227/233 MP: 21/21
 39288 | Depths:1 | Found a gateway to Hell.
 39301 | Depths:1 | Found a one-way gate to the infinite horrors of the Abyss.
 39305 | Depths:1 | Found an ornate altar of the Wu Jian Council.
 39861 | Depths:1 | Found a hide-covered altar of Uskayaw.
 40269 | Depths:2 | Received a gift from Trog
 40442 | Depths:2 | Found a hazy altar of Hepliaklqana.
 41163 | Depths:3 | Reached skill level 15 in Dodging
 41446 | Depths:3 | Noticed an ancient lich
 41448 | Depths:3 | Found a one-way gateway to a ziggurat.
 41500 | Depths:3 | Killed an ancient lich
 41989 | Depths:3 | Received a gift from Trog
 42220 | Depths:4 | Entered Level 4 of the Depths
 42270 | Depths:4 | Noticed a caustic shrike
 42270 | Depths:4 | Noticed a caustic shrike
 42271 | Depths:4 | Noticed a caustic shrike
 42273 | Depths:4 | Noticed a caustic shrike
 42279 | Depths:4 | Killed a caustic shrike
 42287 | Depths:4 | Killed a caustic shrike
 42303 | Depths:4 | Killed a caustic shrike
 42310 | Depths:4 | Killed a caustic shrike
 42419 | Depths:4 | Noticed a golden dragon
 42453 | Depths:4 | Killed a golden dragon
 42472 | Depths:4 | Reached skill level 15 in Maces & Flails
 42492 | Depths:4 | Reached XP level 23. HP: 165/240 MP: 22/22
 42753 | Depths:4 | Found a gate to the Realm of Zot.
 42904 | Depths:4 | Identified the ring "Hionep" {Fly MP+9 Str+2 Int+3}
 42981 | Zot:1    | Entered Level 1 of the Realm of Zot
 43174 | Zot:1    | Received a gift from Trog
 44884 | Orc:2    | Bought a scroll of enchant armour for 112 gold pieces
 45269 | Zot:2    | Noticed an orb of fire
 45285 | Zot:2    | Gained mutation: You do not regenerate when monsters are
                  | visible. [an orb of fire]
 45297 | Zot:1    | Killed an orb of fire
 45398 | Zot:2    | Received a gift from Trog
 46025 | Zot:3    | Found the +8 whip "Snakebite" {venom, curare, rPois}
 47211 | Zot:4    | Identified the +4 scimitar of Uce Jao {flame, Contam +Blink
                  | rC+++ Int-4}
 47534 | Zot:4    | Reached XP level 24. HP: 249/249 MP: 22/22
 47657 | Zot:5    | Entered Level 5 of the Realm of Zot
 48105 | Zot:5    | Noticed a Killer Klown
 48105 | Zot:5    | Noticed a dread lich
 48105 | Zot:5    | Noticed an orb of fire
 48105 | Zot:5    | Noticed a Killer Klown
 48106 | Zot:5    | Gained mutation: You are strong-willed. (Will+) [an orb of
                  | fire]
 48114 | Zot:5    | Gained mutation: You are dopey. (Int -2) [an orb of fire]
 48119 | Zot:5    | Killed an orb of fire
 48126 | Zot:5    | Killed a dread lich
 48126 | Zot:5    | Noticed an ancient lich
 48132 | Zot:5    | Noticed an orb of fire
 48140 | Zot:5    | Reached skill level 27 in Shields
 48149 | Zot:5    | HP: 6/249 [orb of fire/bolt of fire (14)]
 48153 | Zot:5    | Mangled by an Orb Guardian

Illustrated notes

Levels and vault maps discovered:
D:1:      nicolae_arrival_memento_mori, layout_basic
D:2:      layout_loops_corners, nicolae_hexahallways
D:3:      layout_basic, fedhas_altar_2, chequers_serial_rivers_micro_b
D:4:      layout_gridville, nicolae_qazlal_general_emergency,
          evilmike_ruin_ashenzari
D:5:      layout_basic, marbit_many_paths, tso_metal_star,
          minmay_temple_entry_water_ring, nicolae_concentric_dashed_squares_mild
D:6:      layout_loops_ring, grunt_ministairs_15
D:7:      layout_basic, mainiacjoe_overflow_boulevard,
          nicolae_overflow_crystal_walls, kennysheep_nub
D:8:      layout_cave_pools, nemelex_diamond_rough_becter,
          mainiacjoe_overflow_cross_hatched, serial_shops,
          nicolae_shop_competitors_out_of_business, uniq_amaemon, uniq_grum,
          uniq_prince_ribbit1, uniq_joseph
D:9:      layout_loops_ring, kennysheep_little_box, minivault_16, uniq_erica
D:10:     layout_basic, mainiacjoe_overflow_tiny_flanked, david_lair_shrubbed,
          enter_bailey_5
D:11:     layout_stronghold, nrook_mini_vaults, minmay_fountain_box,
          hangedman_abyss_or_decor_passed, corexii_corridor_pit
D:12:     layout_irregular_city, uniq_frances, uniq_jorgrun
D:13:     layout_cave_pools
D:14:     layout_roguey, david_vaults_1, minmay_strange_pillars, uniq_josephine
D:15:     grunt_enter_depths_magical_seal, layout_layer_cave, xom_teletrap_fun,
          eino_house_with_fridge
Lair:1:   layout_gridlike, nzn_ghost_randoct, serial_bayou_pond_e
Lair:2:   layout_layer_cave, guppyfry_snake_entry_garden, basic_altar
Lair:3:   layout_roguey, swamp_mist, chequers_serial_rivers_room_b,
          uniq_gastronok
Lair:4:   layout_regular_city, minmay_slime_entry_oklob_enclosed,
          nicolae_volcano_entry_hallway, nicolae_quartered_pool_impasse,
          nicolae_lair_liquid_snakes
Lair:5:   due_jungle_book, layout_loops_ring, gauntlet_entry_generic,
          lemuel_fruit_fields
Swamp:1:  gammafunk_worm_tunnel, layout_basic_swamp,
          nicolae_swamp_feature_on_the_river_bank, uniq_kirke
Swamp:2:  layout_falls_marsh, hangedman_swamp_diagram
Swamp:3:  layout_falls_marsh, evilmike_swamp_ruin_house_1, swamp_pool4,
          grunt_witch_cave
Swamp:4:  swamp_fiery, layout_basic_swamp, infiniplex_staircase_pool_2
Snake:1:  layout_cave_shapes, gammafunk_ghost_arena,
          portal_ice_cave_entry_pillars_2, grunt_ministairs_4,
          serial_bayou_shore_a
Snake:2:  layout_chambers
Snake:3:  layout_cave_pods, serial_shops, nicolae_diamond_shop, minmay_shoptagon
Snake:4:  grunt_snake_rune_pools, layout_chambers, basic_altar,
          statue_in_the_mist_lemuel, nicolae_specific_store,
          nicolae_snake_the_dead_are_slithering, minmay_shop_grove
Orc:1:    layout_caves, basic_altar, biasface_ghost_orc_armoury
Orc:2:    grunt_orc_cross, layout_diamond_mine, serial_shops, shop,
          nicolae_orc_lava_tube, hangedman_minor_magic
Vaults:1: hangedman_vaults_stream, nicolae_vaults_circle_grid_b,
          nicolae_vaults_arrows, hangedman_vaults_variations,
          nicolae_vaults_little_squares_2, nicolae_vaults_twisting_passages,
          v_misc_19, nicolae_vaults_alarming, nicolae_vaults_ring_of_whatevers,
          ontoclasm_vaults_misaligned, ontoclasm_vaults_chip,
          vaults_dpeg_encased_lava, layout_vaults_maze_snakey
Vaults:2: ontoclasm_vaults_bender, nicolae_vaults_little_ls,
          hangedman_vaults_slice, nicolae_vaults_little_squares_3,
          v_alt_pattern_3, layout_vaults_omnigrid, serial_shops, shop
Vaults:3: v_misc_14, nicolae_vaults_rhombus_5,
          nicolae_vaults_bisected_inception, minmay_crypt_entry_simple_sparse,
          st_spiral_rooms, nicolae_vaults_mini_display_case,
          nicolae_vaults_network_periphery, nicolae_vaults_diagonal_hallway_8,
          nicolae_vaults_little_squares_1, layout_vaults_ring
Vaults:4: v_pattern_4, hangedman_vaults_locks, nicolae_vaults_little_squares_1,
          ontoclasm_vaults_misaligned, vaults_dpeg_doors, vaults_room_pools,
          nicolae_vaults_display_case, vaults_dpeg_diagonal,
          nicolae_vaults_specimen_jars, nicolae_vaults_three_branches,
          vaults_room_corners, vaults_dpeg_hooks, layout_vaults_chaotic_city
Vaults:5: uniq_bai_suzhen
Crypt:1:  layout_catacombs, grunt_crypt_arrival_split
Depths:1: layout_gridlike, pf_vacation_house_of_asmodeus,
          nzn_wu_jian_contemplation, pan_entry, abyss_entry,
          minmay_misc_feat_diagonals, dk_noncrumbling_3, st_stairs_2,
          hangedman_abyss_or_decor_slice, nicolae_uskayaw_en_pointe
Depths:2: lemuel_flame_loot_2, layout_honeycomb, hangedman_decor_slide_cut,
          hell_entry, pan_entry, nzn_hepliaklqana_mist_gate, grunt_megastairs_2
Depths:3: dreamdust_merry_men, layout_honeycomb, enter_ziggurat_d, pan_entry,
          hangedman_decor_growths, abyss_entry, hellmouth_1
Depths:4: grunt_zot_entry_alcove, layout_cave_pools, grunt_hell_entry_dis_old,
          hellmonk_bongcloud_opening
Zot:1:    layout_cellular_growth, st_stairs_12
Zot:2:    layout_misc_corridors, uniq_grunn
Zot:3:    layout_concentric_octagons
Zot:4:    kennysheep_spiral_hall, layout_misc_corridors, skrybe_zot_glass_3
Zot:5:    layout_misc_corridors, ebering_ghost_disaster_area

Skill      XL: |  1  2  3  4  5  6  7  8  9 10 11 12 13 14 15 16 17 18 19 20 21 22 23 24 |
---------------+-------------------------------------------------------------------------+-----
Axes           | 4 |  4.8
Fighting       | 4 5 6 7 8 10 13 15 18 20 21 23 24 25 26 27 | 27.0
Armour         | 3 4 5 6 9 12 15 17 19 21 22 23 24 26 27 | 27.0
Dodging        | 3 4 7 9 13 16 19 20 | 20.1
Maces & Flails | 1 3 5 6 9 11 15 17 | 17.1
Ranged Weapons | 3 4 |  4.0
Shields        | 3 9 14 18 19 21 23 25 26 27 | 27.0
Stealth        | |  0.6

Action                     |  1- 3 |  4- 6 |  7- 9 | 10-12 | 13-15 | 16-18 | 19-21 | 22-24 || total
---------------------------+-------+-------+-------+-------+-------+-------+-------+-------++-------
  Melee: Hand axe          |    62 |    27 |       |       |       |       |       |       ||    89
         Headbutt          |    11 |    12 |    41 |   135 |   331 |   450 |   593 |   494 ||  2067
         Morningstar       |       |    59 |   123 |       |       |       |       |       ||   182
         Punch             |       |     1 |     1 |     7 |    20 |     4 |       |       ||    33
         Demon whip        |       |       |    40 |   544 |  1298 |  1697 |  1648 |  1510 ||  6737
         Unarmed           |       |       |    22 |       |       |       |       |       ||    22
   Fire: Sling             |       |       |     1 |       |       |       |       |       ||     1
         Shortbow          |       |       |     6 |       |       |       |       |       ||     6
 Invoke: Berserk           |       |       |     3 |     1 |     9 |     6 |     9 |    10 ||    38
         Trog's Hand       |       |       |       |     1 |       |     1 |     3 |     2 ||     7
         Brothers in Arms  |       |       |       |       |       |     1 |     1 |     2 ||     4
  Evoke: Wand              |       |       |       |       |       |       |       |     1 ||     1
    Use: Scroll            |       |     5 |     7 |    13 |     8 |     4 |     6 |    14 ||    57
         Potion            |       |       |     1 |       |       |     2 |       |     7 ||    10
   Stab: Distracted        |       |     1 |       |       |       |     1 |       |       ||     2
 Armour: Animal skin       |     5 |       |       |       |       |       |       |       ||     5
         Ring mail         |    14 |     8 |       |       |       |       |       |       ||    22
         Scale mail        |       |    37 |     6 |       |       |       |       |       ||    43
         Chain mail        |       |       |   100 |    61 |       |       |       |       ||   161
         Gold dragon scale |       |       |       |   179 |   721 |   959 |   931 |   653 ||  3443
  Dodge: Dodged            |    30 |    63 |   101 |   256 |   441 |   471 |   419 |   404 ||  2185
  Block: Kite shield       |       |       |       |       |       |   609 |       |       ||   609
         Tower shield      |       |       |       |       |       |   256 |  1595 |  1408 ||  3259

Table legend: (Time is in decaauts)
 A = Elapsed time spent in this place.
 B = Non-inter-level travel time spent in this place.
 C = Inter-level travel time spent in this place.
 D = Time resting spent in this place.
 E = Time spent auto-exploring this place.
 F = Levels seen in this place.
 G = Mean time per level.
                   A        B        C        D        E       F      G
               +--------+--------+--------+--------+--------+-----+--------+
         Total |  45807 |  41653 |   4154 |   3051 |  29483 |  50 |  916.1 |
       Dungeon |  14693 |  13564 |   1129 |   1307 |  10140 |  15 |  979.5 |
          Lair |   4885 |   4259 |    626 |    172 |   3186 |   5 |  977.0 |
         Swamp |   2516 |   2338 |    178 |      0 |   1646 |   4 |  629.0 |
     Snake Pit |   4691 |   4305 |    386 |    244 |   3248 |   4 | 1172.8 |
  Orcish Mines |   1843 |   1516 |    327 |    121 |   1011 |   2 |  921.5 |
        Vaults |   7710 |   6987 |    723 |    851 |   4432 |   5 | 1542.0 |
         Crypt |      1 |      1 |      0 |      0 |      0 |   1 |    1.0 |
        Depths |   3903 |   3407 |    496 |     69 |   2543 |   4 |  975.8 |
           Zot |   3682 |   3396 |    286 |    281 |   2120 |   5 |  736.4 |
         Abyss |    737 |    737 |      0 |      3 |    514 |   2 |  368.5 |
        Bailey |    357 |    357 |      0 |      0 |    178 |   1 |  357.0 |
       Volcano |    315 |    315 |      0 |      0 |    209 |   1 |  315.0 |
      Gauntlet |    468 |    468 |      0 |      0 |    251 |   1 |  468.0 |
               +--------+--------+--------+--------+--------+-----+--------+

Top non-repeatable levels by time:
Vaults:4: 2590 daAuts
     D:7: 1672 daAuts
 Snake:4: 1550 daAuts
    D:15: 1337 daAuts
Vaults:1: 1325 daAuts
Vaults:2: 1301 daAuts
 Snake:2: 1259 daAuts
Vaults:5: 1248 daAuts
  Lair:5: 1246 daAuts
Vaults:3: 1243 daAuts
   Zot:3: 1179 daAuts
  Lair:2: 1148 daAuts
Depths:3: 1144 daAuts
     D:8: 1126 daAuts
     D:9: 1117 daAuts
